 Dungeon Crawl Stone Soup version 0.28.0 (webtiles) character file.

Game seed: 10302374560458210217

19555 Araneus the Grappler (level 12, -9/93 HPs)
             Began as a Demonspawn Monk on Feb 7, 2022.
             Mangled by a black mamba (11 damage)
             ... on level 3 of the Lair of Beasts on Feb 8, 2022.
             The game lasted 00:48:09 (17262 turns).

Araneus the Grappler (Demonspawn Monk)             Turns: 17262, Time: 00:48:09

Health: -9/93      AC: 12    Str: 17    XL:     12   Next: 37%
Magic:  12/12      EV: 13    Int: 11    God:
Gold:   871        SH:  5    Dex: 16    Spells: 11/11 levels left

rFire   . . .      SeeInvis .     - Unarmed
rCold   + . .      Faith    .   (no shield)
rNeg    + . .      Spirit   .   c - +1 ring mail
rPois   .          Reflect  +   q - +2 hat
rElec   .          Harm     .   m - +2 cloak
rCorr   .          Rampage  .   (no gloves)
Will    .....                   (no boots)
Stlth   +.........              g - amulet of reflection
HPRegen 0.25/turn               p - ring of protection from cold
MPRegen 0.13/turn               v - ring of positive energy

@: lethally poisoned (-9 -> -53)
A: antennae 2, hooves 1, foul stench 1, spiny 2, demonic touch 2
a: no special abilities


You were on level 3 of the Lair of Beasts.
You visited 3 branches of the dungeon, and saw 15 of its levels.
You also visited: Ossuary.

You collected 871 gold pieces.

Inventory:

Armour
 c - a +1 ring mail (worn)
 m - a +2 cloak (worn)
 q - a +2 hat (worn)
Jewellery
 g - an amulet of reflection (around neck)
 p - a ring of protection from cold (left hand)
 s - a ring of fire
 v - a ring of positive energy (right hand)
 y - a ring of protection from fire
Wands
 d - a wand of digging (4)
 t - a wand of charming (8)
 w - a wand of paralysis (9)
Scrolls
 a - 7 scrolls of identify
 f - a scroll of torment {unknown}
 h - 4 scrolls of blinking
 i - 3 scrolls of teleportation
 k - a scroll of silence
 x - 2 scrolls of magic mapping
Potions
 e - 2 potions of ambrosia
 j - 2 potions of berserk rage
 l - a potion of might
 n - 2 potions of heal wounds
 o - 2 potions of cancellation
 r - 3 potions of curing
 u - a potion of magic
Miscellaneous
 b - a lightning rod (4/4)


   Skills:
 * Level 8.2 Fighting
 + Level 6.2 Armour
 + Level 5.5 Dodging
 - Level 1.7 Stealth
 + Level 14.6 Unarmed Combat
 * Level 6.8 Evocations


You had 11 spell levels left.
You didn't know any spells.
Your spell library contained the following spells:

 Spells                   Type           Power      Damage    Failure   Level
 Blink                    Tloc           0%         N/A       65%         2
 Gell's Gravitas          Tloc           0%         N/A       87%         3
 Lesser Beckoning         Tloc           0%         N/A       87%         3
 Teleport Other           Tloc           0%         N/A       87%         3
 Leda's Liquefaction      Hex/Erth       0%         N/A       99%         4
 Petrify                  Tmut/Erth      0%         N/A       99%         4
 Lee's Rapid Deconstruct  Erth           0%         3d5*      100%        5
 Manifold Assault         Tloc           0%         N/A       100%        5
 Metabolic Englaciation   Hex/Ice        0%         N/A       100%        5
 Dispersal                Tloc           0%         N/A       100%        6
 Statue Form              Tmut/Erth      0%         N/A       100%        6


Dungeon Overview and Level Annotations

Branches:
Dungeon (11/15)            Temple (1/1) D:6            Lair (3/6) D:9
 Spider (0/4) Lair:2          Orc (0/2) D:10        Ossuary (visited)
  Swamp: Lair:2-4    Shoals: Lair:2-4

Altars:
Ashenzari
Cheibriados
Dithmenos
Elyvilon
Fedhas
Gozag
Hepliaklqana
Kikubaaqudgha
Makhleb
Nemelex Xobeh
Okawaru
Qazlal
Ru
Sif Muna
Trog
Uskayaw
Vehumet
Wu Jian
Xom
Yredelemnul
Zin
The Shining One

Shops:
D:2 *   D:3 :

Annotations:
D:6 2 runed translucent doors, Colgate's ghost, novice DrCj; Eustachio
D:11 Psyche


Innate Abilities, Weirdness & Mutations

You have a pair of antennae on your head.
You have large cloven feet.
You may rarely emit foul miasma when damaged in melee.
You are mostly covered in sharp spines.
Your touch may inflict irresistible damage on your foes.


Message History

You feel sick. The bullfrog is struck by your spines.
The bullfrog barely misses you.
You punch the bullfrog!
You kill the bullfrog!
You feel sick.
You feel sick.
You are no longer poisoned.
You hit the yak but do no damage. Your punch misses the yak.
You hit the yak but do no damage. Your kick misses the yak.
Your touch misses the yak. The yak completely misses you.
You hit the yak. You kick the yak. You punch the yak!
The yak is moderately wounded.
The yak is struck by your spines. The yak gores you.
* * * LOW HITPOINT WARNING * * *
You emit a cloud of foul miasma!
You punch the yak! Your kick misses the yak.
The yak is almost dead.
The yak is engulfed in dark miasma.
The yak is poisoned.
The yak seems to slow down.
You kill the yak!
You start resting.
A black mamba is nearby!
A black mamba is nearby!
You are too injured to fight recklessly!
You are too injured to fight recklessly!
The black mamba hisses angrily.
You closely miss the black mamba. Your touch misses the black mamba.
The black mamba bites you!
* * * LOW HITPOINT WARNING * * *
You are lethally poisoned!
The black mamba poisons you!
You completely miss the black mamba.
* * * LOW HITPOINT WARNING * * *
You feel very sick.
The black mamba is struck by your spines.
The black mamba bites you!
* * * LOW HITPOINT WARNING * * *
You are more poisoned.
The black mamba poisons you! The black mamba bites you!
You die...

.#P..............
..................
.....................
.....................
....................
..........††.......
#.#.#......†......
..................
.#.#.#.#..S@...#.....
.......<.......# ....
.#.#.#.#.....### ...
.......P.# ..
#.#.#....## #
...........#
#.#.#.#......#
..............# .#.#
#.#.......


You could see a black mamba.

Vanquished Creatures
  Gastronok (Lair:1)
  5 hydras
  2 two-headed ogres
  Pikel (D:6)
  A deep elf pyromancer (D:11)
  2 black mambas
  6 cane toads
  A kobold demonologist (D:9)
  A rime drake (Lair:1)
  4 komodo dragons
  A polar bear (Lair:1)
  A troll (D:9)
  2 shadows
  20 yaks
  2 basilisks
  A redback (Lair:2)
  A warg (D:10)
  Edmund (D:4)
  2 acid dragons
  8 water moccasins
  A hornet zombie (D:7)
  An ice beast (D:6)
  3 orc warriors
  2 ogres
  3 necrophages
  3 wolves
  6 centaurs
  A phantom (D:4)
  A kobold brigand (D:9)
  3 lemures (D:6)
  8 bullfrogs
  A gnoll sergeant (D:8)
  3 scorpions
  10 killer bees (D:9)
  A howler monkey (D:11)
  3 centaur zombies
  2 jellies (D:7)
  3 hounds
  A human zombie (Ossuary)
  7 orc priests
  3 gnoll shamans
  4 iguanas
  8 orc wizards
  A killer bee zombie (D:5)
  4 mummies (Ossuary)
  A howler monkey zombie (D:5)
  6 adders
  18 gnolls
  A howler monkey skeleton (D:5)
  A shadow imp (D:6)
  A white imp (D:7)
  2 ufetubi
  2 adder skeletons
  A worm (D:2)
  3 dart slugs
  29 orcs
  4 bats
  9 endoplasms
  2 giant cockroaches
  7 goblins
  8 hobgoblins
  6 jackals
  10 kobolds
  3 quokkas
  6 ball pythons
  4 frilled lizards
  2 goblin zombies (Ossuary)
  2 hobgoblin zombies (Ossuary)
  A kobold zombie (Ossuary)
  An orc zombie (Ossuary)
  9 rats
285 creatures vanquished.

Vanquished Creatures (others)
  An adder (D:2)
  3 fungi
  3 plants
7 creatures vanquished.

Grand Total: 292 creatures vanquished

Notes
Turn   | Place    | Note
-------+----------+-------------------------------------------
     0 | D:1      | Araneus the Demonspawn Monk began the quest for the Orb.
     0 | D:1      | Reached XP level 1. HP: 18/18 MP: 1/1
   202 | D:1      | Reached skill level 3 in Unarmed Combat
   202 | D:1      | Discovered your monstrous ancestry.
   202 | D:1      | Gained mutation: You have a pair of small antennae on your
                  | head. [demonic ancestry]
   202 | D:1      | Reached XP level 2. HP: 24/24 MP: 2/2
   751 | D:1      | Found a faded altar of an unknown god.
   981 | D:2      | Gained mutation: You may rarely emit foul miasma when
                  | damaged in melee. [demonic ancestry]
   981 | D:2      | Reached XP level 3. HP: 25/29 MP: 3/3
  1852 | D:2      | Found Lich's General Store.
  2084 | D:3      | Found Joezaroru's Book Emporium.
  2185 | D:3      | Gained mutation: Your touch may inflict minor irresistible
                  | damage on your foes. [demonic ancestry]
  2185 | D:3      | Reached XP level 4. HP: 29/35 MP: 4/4
  2308 | D:3      | Reached skill level 1 in Armour
  2439 | D:3      | Noticed a water moccasin
  2480 | D:3      | Killed a water moccasin
  2481 | D:3      | Reached skill level 4 in Unarmed Combat
  2481 | D:3      | Gained mutation: You are partially covered in sharp spines.
                  | [demonic ancestry]
  2481 | D:3      | Reached XP level 5. HP: 9/41 MP: 5/5
  3275 | D:4      | Reached XP level 6. HP: 33/47 MP: 6/6
  3430 | D:4      | Reached skill level 5 in Unarmed Combat
  3711 | D:4      | Found a sparkling altar of Nemelex Xobeh.
  4649 | D:5      | Entered Level 5 of the Dungeon
  4707 | D:5      | Noticed Edmund
  4752 | D:4      | Killed Edmund
  4753 | D:4      | Reached XP level 7. HP: 9/52 MP: 7/7
  5028 | D:5      | Reached skill level 6 in Unarmed Combat
  5762 | D:6      | Found a runed translucent door.
  5766 | D:6      | Noticed Colgate's ghost (novice DrCj)
  5767 | D:6      | Reached skill level 7 in Unarmed Combat
  5767 | D:6      | Reached XP level 8. HP: 54/58 MP: 8/8
  5787 | D:6      | Found a staircase to the Ecumenical Temple.
  5799 | Temple   | Entered the Ecumenical Temple
  6396 | D:6      | Found a runed translucent door.
  6604 | D:6      | Noticed Pikel
  6627 | D:6      | Killed Pikel
  6628 | D:6      | Reached skill level 5 in Armour
  6628 | D:6      | Reached skill level 5 in Dodging
  6628 | D:6      | Reached skill level 8 in Unarmed Combat
  6989 | D:6      | Noticed Eustachio
  7702 | D:7      | Gained mutation: Your touch may inflict irresistible damage
                  | on your foes. [demonic ancestry]
  7702 | D:7      | Reached XP level 9. HP: 64/64 MP: 9/9
  7879 | D:7      | Reached skill level 9 in Unarmed Combat
  8582 | D:8      | HP: 3/66 [gnoll (4)]
  8936 | D:8      | Found a sand-covered staircase.
  8946 | Ossuary  | Entered an ossuary
  9007 | Ossuary  | Reached skill level 10 in Unarmed Combat
  9341 | D:8      | Reached skill level 5 in Fighting
  9449 | D:8      | Reached skill level 1 in Evocations
 10007 | D:9      | Found a staircase to the Lair.
 10045 | D:9      | HP: 1/68 [orc warrior (11)]
 10341 | D:9      | Noticed a kobold demonologist
 10347 | D:9      | Noticed a sun demon
 10347 | D:9      | Killed a kobold demonologist
 10348 | D:9      | Gained mutation: You are mostly covered in sharp spines.
                  | [demonic ancestry]
 10348 | D:9      | Reached XP level 10. HP: 74/74 MP: 10/10
 10432 | D:9      | Reached skill level 11 in Unarmed Combat
 11342 | D:9      | You fall into a shaft and drop 2 floors!
 11356 | D:11     | Noticed a two-headed ogre
 11379 | D:11     | Noticed a deep elf pyromancer
 11387 | D:11     | Killed a deep elf pyromancer
 11473 | D:11     | Reached skill level 12 in Unarmed Combat
 11760 | D:11     | Noticed a purple ugly thing
 11828 | D:11     | Noticed a two-headed ogre
 11828 | D:11     | Noticed Psyche
 11988 | D:11     | Noticed a two-headed ogre
 12150 | D:11     | Found a snail-covered altar of Cheibriados.
 12193 | D:11     | Killed a two-headed ogre
 12321 | D:10     | Entered Level 10 of the Dungeon
 13107 | D:10     | Gained mutation: You have a pair of antennae on your head.
                  | [demonic ancestry]
 13107 | D:10     | Reached XP level 11. HP: 83/83 MP: 11/11
 13177 | D:10     | Found a staircase to the Orcish Mines.
 13960 | D:10     | Noticed a two-headed ogre
 13964 | D:10     | Killed a two-headed ogre
 13965 | D:10     | Reached skill level 13 in Unarmed Combat
 14107 | Lair:1   | Entered Level 1 of the Lair of Beasts
 14351 | Lair:1   | Noticed Gastronok
 14370 | Lair:1   | Killed Gastronok
 14371 | Lair:1   | Reached skill level 5 in Evocations
 14447 | Lair:1   | Noticed a seven-headed hydra
 14453 | Lair:1   | Killed a seven-headed hydra
 15769 | Lair:2   | Noticed an eight-headed hydra
 15772 | Lair:2   | Noticed a four-headed hydra
 15776 | Lair:2   | Killed an eight-headed hydra
 15784 | Lair:2   | Killed a four-headed hydra
 15785 | Lair:2   | Reached skill level 14 in Unarmed Combat
 15854 | Lair:2   | Found a hole to the Spider Nest.
 15913 | Lair:2   | Identified the +0 dagger of a Labyrinth {flame, Str+3}
 15994 | Lair:2   | Noticed an eight-headed hydra
 16003 | Lair:2   | Killed an eight-headed hydra
 16243 | Lair:2   | Gained mutation: You have large cloven feet. [demonic
                  | ancestry]
 16243 | Lair:2   | Reached XP level 12. HP: 92/92 MP: 12/12
 16546 | Lair:2   | Noticed a five-headed hydra
 16558 | Lair:2   | Killed a five-headed hydra
 16656 | Lair:3   | Noticed a catoblepas
 17262 | Lair:3   | HP: 2/93 [black mamba (14)]
 17262 | Lair:3   | Mangled by a black mamba

Illustrated notes

Levels and vault maps discovered:
D:1:      wander_arrival_lonely_grave, layout_rooms, basic_ecumenical_altar,
          minmay_tetromino_i2
D:2:      layout_rooms, serial_shops, shop, serial_corexii_hall,
          corexii_hall_statues_i, corexii_hall_statues_s,
          corexii_hall_statues_i, chequers_hall_statues_wall_a,
          corexii_hall_statues_l, corexii_hall_statues_x, dk_noncrumbling_2,
          kennysheep_minor_cross, lemuel_old_faithful
D:3:      layout_basic, serial_shops, nicolae_shop_advertising_works
          [nicolae_subvault_shop_adworks], serial_forest,
          infiniplex_forest_lined_1, infiniplex_forest_end_3,
          infiniplex_forest_lined_3, infiniplex_forest_clump_curved,
          infiniplex_forest_end_1, infiniplex_forest_lined_ring
D:4:      corexii_shack_village, layout_layer_cave,
          mainiacjoe_overflow_alcove_1, guppyfry_early_lair_pool
D:5:      layout_cave_pools, uniq_edmund
D:6:      layout_rooms, minmay_temple_entry_large_hall, ebering_ghost_sewer_f,
          uniq_eustachio, uniq_pikel
D:7:      layout_loops_ring, hangedman_abyss_or_decor_slice
D:8:      layout_basic, nicolae_ossuary_entry_monument, grunt_ogre_cave
D:9:      layout_gridville, lair_entry_dummy
D:10:     layout_loops_ring, david_orc_1_choice, lemuel_flamethrower_2
D:11:     layout_grid_maze, cheibriados_altar_1, uniq_psyche
Temple:   mainiacjoe_temple_starburst
Lair:1:   layout_regular_city, uniq_gastronok
Lair:2:   layout_cave_pods, spider_nest_entry_webs, gauntlet_entry_generic
Lair:3:   layout_gridlike, chequers_serial_rivers_micro_b, st_stairs_11,
          beast_lair_carwin_4, uniq_fannar

Skill      XL: |  1  2  3  4  5  6  7  8  9 10 11 12 |
---------------+-------------------------------------+-----
Unarmed Combat | 3 4 5 7 8 10 12 14 | 14.6
Dodging        | 3 4 5 |  5.5
Armour         | 2 3 4 5 6 |  6.2
Fighting       | 5 6 7 8 |  8.2
Evocations     | 1 4 6 |  6.8
Stealth        | |  1.7

Action                   |  1- 3 |  4- 6 |  7- 9 | 10-12 || total
-------------------------+-------+-------+-------+-------++-------
Melee: Unarmed           |   186 |   117 |   307 |   334 ||   944
       Punch             |     4 |     5 |    18 |    33 ||    60
       Touch             |       |    19 |    61 |    75 ||   155
       Kick              |       |       |       |    33 ||    33
Evoke: Wand              |       |       |       |    29 ||    29
  Use: Scroll            |       |     5 |    11 |     6 ||    22
       Potion            |       |     5 |     6 |     6 ||    17
 Stab: Sleeping          |     1 |     2 |       |       ||     3
       Paralysed         |       |       |       |    13 ||    13
Armor: Robe              |     8 |       |       |       ||     8
       Ring mail         |    34 |    28 |    83 |    66 ||   211
Dodge: Dodged            |   118 |    62 |   139 |   141 ||   460
Block: Other             |       |    11 |    74 |    55 ||   140
       Reflection        |       |       |     3 |     1 ||     4
